 Dungeon Crawl Stone Soup version 0.30-a0-377-g5cb311bc9f (webtiles) character file.

Game seed: 12802105316284604545

1516 vineage the Fighter (level 8, -3/93 HPs)
             Began as an Ogre Fighter on Nov 30, 2022.
             Slain by a sky beast (6 damage)
             ... on level 6 of the Dungeon.
             The game lasted 00:06:11 (6024 turns).

vineage the Fighter (Ogre Fighter)                  Turns: 6024, Time: 00:06:12

Health: -3/93      AC:  3    Str: 27    XL:     8   Next: 83%
Magic:  8/8        EV: 10    Int:  9    God:
Gold:   1672       SH:  0    Dex:  8    Spells: 7/7 levels left

rFire   . . .      SeeInvis .    s - +0 giant club
rCold   . . .      Faith    .    (shield currently unavailable)
rNeg    + . .      Spirit   .    b - +0 robe
rPois   +          Reflect  .    (helmet restricted)
rElec   .          Harm     .    f - scarf {repulsion}
rCorr   .          Rampage  .    (gloves unavailable)
Will    .....                    (boots unavailable)
Stlth   ++........               (no amulet)
HPRegen 0.35/turn                k - +6 ring of strength
MPRegen 0.11/turn                j - ring "Ucsoat Lon" {Contam Fly rPois rN+ Stlth+}

@: flying, studying Maces & Flails, invisible, repel missiles
A: large, unfitting armour, tough skin 1, sense surroundings 1, weak 1,
MP-powered wands
a: no special abilities


You were on level 6 of the Dungeon.
You visited 1 branch of the dungeon, and saw 6 of its levels.

You collected 1672 gold pieces.

Inventory:

Hand Weapons
 a - a +0 flail
 h - a +2 whip of freezing
 s - a +0 giant club (weapon)
Armour
 b - a +0 robe (worn)
 c - a +0 kite shield
 f - a scarf of repulsion (worn)
 i - a +0 cloak
Jewellery
 g - a +4 ring of protection
 j - the ring "Ucsoat Lon" (right hand) {Contam Fly rPois rN+ Stlth+}
   (You found it on level 3 of the Dungeon)

   [ring of poison resistance]

   rPois:     It protects you from poison.
   rN:        It protects you from negative energy.
   Fly:       It grants you flight.
   Contam:    It causes magical contamination when unequipped.
   Stlth:     It makes you more stealthy.
 k - a +6 ring of strength (left hand)
 r - an amulet of faith
Wands
 d - a wand of charming (15)
 o - a wand of iceblast (8)
Scrolls
 q - a scroll of amnesia
 u - a scroll of immolation {unknown}
 v - a scroll of identify
Potions
 e - 2 potions of lignification
 m - a potion of curing
 p - a potion of haste
 t - a potion of cancellation {unknown}


   Skills:
 * Level 9.7 Fighting
 * Level 7.0 Maces & Flails
 + Level 5.1 Dodging
 - Level 3.0 Shields


You had 7 spell levels left.
You didn't know any spells.
Your spell library contained the following spells:

 Spells                   Type           Power      Damage    Failure   Level
 Sting                    Tmut/Pois      0%         1d3       38%         1
 Poisonous Vapours        Pois/Air       0%         N/A       52%         2
 Sublimation of Blood     Necr           0%         N/A       52%         2
 Wereblood                Tmut           0%         N/A       52%         2
 Call Canine Familiar     Summ           0%         N/A       77%         3
 Portal Projectile        Hex/Tloc       0%         N/A       77%         3
 Tukima's Dance           Hex            0%         N/A       77%         3
 Leda's Liquefaction      Hex/Erth       0%         N/A       99%         4
 Olgreb's Toxic Radiance  Pois           0%         N/A       99%         4
 Passage of Golubria      Tloc           0%         N/A       99%         4
 Yara's Violent Unravell  Hex/Tmut       0%         3d3       100%        5
 Summon Hydra             Summ           0%         N/A       100%        7


Dungeon Overview and Level Annotations

Branches:
Dungeon (6/15)             Temple (0/1) D:6

Altars:
Wu Jian


Innate Abilities, Weirdness & Mutations

You are too large for most types of armour.
You have tough skin. (AC +1)
You passively map a small area around you.
You are weak. (Str -2)
You expend magic power (3 MP) to strengthen your wands.


Message History

Your Maces & Flails skill increases to level 7!
There are monsters nearby!
There are monsters nearby!
You miss something. Something hits you. Something shocks you.
The orc priest mumbles some strange prayers to Beogh against you.
Beogh smites you!
You miss something. Something hits you. Something shocks you.
The orc priest barely misses you.
You feel much better. Something hits you. Something shocks you.
The orc priest hits you with a +0 whip.
You miss something. Something hits you. Something shocks you.
The orc priest hits you with a +0 whip.
You barely miss something. Something hits you.
* * * LOW HITPOINT WARNING * * *
Something shocks you.
* * * LOW HITPOINT WARNING * * *
The orc priest hits you with a +0 whip!
* * * LOW HITPOINT WARNING * * *
A sky beast appears from thin air!
Reactivating autopickup.
The sky beast barely misses you. The orc priest closely misses you.
Okay, then.
You feel better.
The sky beast flickers out of sight!
Deactivating autopickup; reactivate with Ctrl-A.
Something hits you.
* * * LOW HITPOINT WARNING * * *
Something shocks you.
* * * LOW HITPOINT WARNING * * *
The orc priest hits you with a +0 whip.
* * * LOW HITPOINT WARNING * * *
You fade into invisibility!
Something hits you.
* * * LOW HITPOINT WARNING * * *
Something shocks you.
* * * LOW HITPOINT WARNING * * *
The orc barely misses you. The orc priest barely misses you.
You miss something. Something hits you.
* * * LOW HITPOINT WARNING * * *
Something shocks you.
You die...

..# ##...# ####
###.##.....####
..##...#...#...#
#.####...#### .##..##.
.......## #.##...#...##
........
........####....###.#...
........,/.......##....#.#
#..### ........
...........#.##.####..##
........
.............##...###...
..?.....
,#...o#.#...####.# ##..
........ ##..#@#.#..# ###
##. ........, #.#o#{#.#.#
#. ........ ......#.>.#..#
## ........ ###..#.#.#.#.#
########* #...#.#.#..#
#....#.#...# ##.........#
###########


You could see an orc priest (unable to see you) and an orc (unable to see you).

Vanquished Creatures
  Prince Ribbit (D:5)
  Eustachio (D:5)
  A water moccasin (D:6)
  2 ice beasts
  An ogre (D:5)
  2 black bears
  A bullfrog (D:5)
  A scorpion (D:6)
  2 jellies
  3 iguanas
  An orc priest (D:6)
  A hound (D:5)
  A gnoll bouda (D:5)
  Ijyb (D:5)
  10 gnolls
  7 adders
  2 white imps (D:6)
  3 ufetubi
  A worm (D:5)
  A dart slug (D:5)
  7 orcs
  7 ball pythons
  6 bats
  4 endoplasms
  A giant cockroach (D:4)
  4 goblins
  4 hobgoblins
  3 jackals (D:2)
  5 quokkas
  A frilled lizard (D:2)
  2 kobolds
  4 rats
91 creatures vanquished.

Notes
Turn   | Place    | Note
-------+----------+-------------------------------------------
     0 | D:1      | vineage the Ogre Fighter began the quest for the Orb.
     0 | D:1      | Reached XP level 1. HP: 24/24 MP: 1/1
   631 | D:1      | Reached XP level 2. HP: 32/32 MP: 2/2
   792 | D:1      | HP: 1/33 [adder (2)]
   805 | D:1      | HP: 1/33 [poisoned by an adder]
  1066 | D:2      | Reached XP level 3. HP: 39/40 MP: 3/3
  1718 | D:2      | Reached skill level 5 in Fighting
  1728 | D:2      | Reached XP level 4. HP: 45/50 MP: 4/4
  1911 | D:2      | Gained mutation: You are dopey. (Int -2) [potion of
                  | mutation]
  1911 | D:2      | Gained mutation: You are weak. (Str -2) [potion of
                  | mutation]
  1912 | D:2      | Lost mutation: You are dopey. (Int -2) [potion of mutation]
  1912 | D:2      | Lost mutation: You are weak. (Str -2) [potion of mutation]
  1912 | D:2      | Gained mutation: You expend magic power (3 MP) to
                  | strengthen your wands. [potion of mutation]
  1912 | D:2      | Gained mutation: You are weak. (Str -2) [potion of
                  | mutation]
  1912 | D:2      | Gained mutation: You passively map a small area around you.
                  | [potion of mutation]
  1987 | D:3      | Found a faded altar of an unknown god.
  2305 | D:3      | Identified the ring "Ucsoat Lon" {Contam Fly rPois rN+
                  | Stlth+}
  2312 | D:3      | Found an ornate altar of the Wu Jian Council.
  2445 | D:4      | Reached XP level 5. HP: 44/57 MP: 5/5
  3250 | D:4      | Reached skill level 6 in Fighting
  3301 | D:4      | Reached XP level 6. HP: 49/67 MP: 6/6
  3478 | D:5      | Entered Level 5 of the Dungeon
  3602 | D:5      | Noticed Eustachio
  3629 | D:5      | Killed Eustachio
  3798 | D:5      | Reached skill level 7 in Fighting
  3798 | D:5      | Reached XP level 7. HP: 73/78 MP: 7/7
  4233 | D:5      | Reached skill level 5 in Maces & Flails
  4242 | D:5      | Reached skill level 8 in Fighting
  4584 | D:5      | Noticed Prince Ribbit
  4613 | D:5      | Killed Prince Ribbit
  4614 | D:5      | Reached XP level 8. HP: 52/89 MP: 8/8
  4882 | D:5      | Noticed Ijyb
  4895 | D:5      | Killed Ijyb
  5494 | D:5      | Identified 2 scrolls of acquirement
  5496 | D:5      | Acquired 1335 gold pieces
  5500 | D:5      | Acquired a manual of Maces & Flails
  5528 | D:6      | Reached skill level 9 in Fighting
  5751 | D:6      | Reached skill level 5 in Dodging
  6004 | D:6      | Found a staircase to the Ecumenical Temple.
  6023 | D:6      | HP: 3/93 [something (6)]
  6024 | D:6      | Slain by a sky beast

Illustrated notes

Levels and vault maps discovered:
D:1:      dpeg_arrival_renting, layout_basic
D:2:      layout_basic
D:3:      layout_basic, pdpol_wu_jian_five_deadly_venoms, basic_ecumenical_altar
D:4:      layout_basic
D:5:      layout_loops_corners, uniq_ijyb, uniq_eustachio, uniq_prince_ribbit1
D:6:      layout_rooms, minmay_temple_entry_grid

Skill      XL: |  1  2  3  4  5  6  7  8 |
---------------+-------------------------+-----
Maces & Flails | 2 3 4 5 7 |  7.0
Dodging        | 3 4 5 |  5.1
Fighting       | 5 6 7 8 9 |  9.7
Shields        | |  3.0

Action                   |  1- 3 |  4- 6 |  7- 9 || total
-------------------------+-------+-------+-------++-------
Melee: Flail             |    99 |       |       ||    99
       Whip              |    15 |   142 |    96 ||   253
       Giant club        |       |       |    45 ||    45
  Use: Potion            |     2 |     6 |     4 ||    12
       Scroll            |     4 |     5 |     5 ||    14
 Stab: Sleeping          |       |       |     3 ||     3
Armor: Robe              |    49 |    50 |    23 ||   122
Dodge: Dodged            |    44 |    64 |    62 ||   170
Block: Kite shield       |    59 |    46 |    20 ||   125

Table legend: (Time is in decaauts)
 A = Elapsed time spent in this place.
 B = Non-inter-level travel time spent in this place.
 C = Inter-level travel time spent in this place.
 D = Time resting spent in this place.
 E = Time spent auto-exploring this place.
 F = Levels seen in this place.
 G = Mean time per level.
                   A        B        C        D        E       F      G
               +--------+--------+--------+--------+--------+-----+--------+
         Total |   6067 |   5871 |    196 |   1227 |   3776 |   6 | 1011.2 |
       Dungeon |   6067 |   5871 |    196 |   1227 |   3776 |   6 | 1011.2 |
               +--------+--------+--------+--------+--------+-----+--------+

Top non-repeatable levels by time:
     D:5: 2022 daAuts
     D:4: 1064 daAuts
     D:1: 1052 daAuts
     D:2: 931 daAuts
     D:6: 517 daAuts
     D:3: 480 daAuts
